[ AOE2 MATCH · #506723860 ]
UnrankedSpanish vs Tupi
Player's team · WIN
Rival team · LOSS
[ REPLAY ANALYSIS · EXTRACTED FROM THE RECORDED GAME ]
Feudal
8:51
Castle
19:47
Imperial
—
| APM avg | 49.4 |
| APM peak | 86 |
| eAPM avg | 20.9 |
| Villagers / military | 39 / 11 |
Focus
⚔️ 24.1% · 🌾 75.9%
Scout Cavalry ×5 · Militia ×4 · Knight ×2
Feudal
11:00
Castle
—
Imperial
—
| APM avg | 117.9 |
| APM peak | 221 |
| eAPM avg | 62.2 |
| Villagers / military | 103 / 19 |
Focus
⚔️ 63.3% · 🌾 36.7%
Archer ×18 · Unknown (2550) ×11 · Spearman ×1
Match map
Initial resources + every placement click. Lines = walls · curves = elevation contours. ◆ gold · ⬟ stone · ● berries · ✦ relic · ◌ wall gap
Your base· Open — unwalled flank
blytz's base· Open — 4t gap
Smoothed initial terrain · ◌ = detected wall gap · hover for details
Inputs per minute
— boanaan - - blytz
Build order — boanaan
110 actions detected in the replay
| 0:00 | Create | Villager (Male) |
| 0:02 | Build | House |
| 0:03 | Build | House |
| 0:06 | Create | Villager (Male) |
| 0:07 | Create | Villager (Male) |
| 0:07 | Create | Villager (Male) |
| 1:30 | Create | Villager (Male) |
| 1:43 | Build | Lumber Camp |
| 2:00 | Create | Villager (Male) |
| 2:00 | Create | Villager (Male) |
| 2:23 | Create | Villager (Male) |
| 2:49 | Create | Villager (Male) |
| 3:12 | Create | Villager (Male) |
| 3:30 | Create | Villager (Male) |
| 3:57 | Build | House |
| 4:06 | Create | Villager (Male) |
| 4:20 | Build | Mill |
| 4:32 | Create | Villager (Male) |
| 4:33 | Create | Villager (Male) |
| 4:59 | Create | Villager (Male) |
| 5:20 | Create | Villager (Male) |
| 6:07 | Research | Loom |
| 6:34 | Research | Feudal Age |
| 6:52 | Build | Barracks |
| 7:17 | Build | House |
| 7:37 | Create | Villager (Male) |
| 7:42 | Build | House |
| 7:45 | Create | Militia |
| 7:45 | Create | Militia |
| 8:02 | Create | Militia |
| 8:11 | Build | House |
| 8:40 | Create | Villager (Male) |
| 8:51 | Age | Feudal Age |
| 8:53 | Research | Double-Bit Axe |
| 8:56 | Research | Horse Collar |
| 9:08 | Create | Villager (Male) |
| 9:13 | Build | House |
| 9:32 | Create | Villager (Male) |
| 9:38 | Build | Palisade Wall |
| 9:38 | Build | Palisade Wall |
| 9:46 | Build | Farm |
| 9:50 | Create | Villager (Male) |
| 10:15 | Research | Man-at-Arms (upgrade) |
| 10:16 | Build | Farm |
| 10:22 | Create | Villager (Male) |
| 10:23 | Build | Farm |
| 10:25 | Build | Farm |
| 10:28 | Build | Palisade Wall |
| 10:32 | Build | Palisade Wall |
| 10:35 | Build | Palisade Wall |
| 10:54 | Create | Villager (Male) |
| 10:56 | Build | Farm |
| 10:58 | Build | Farm |
| 11:00 | Build | Farm |
| 11:14 | Create | Villager (Male) |
| 11:16 | Build | Farm |
| 11:34 | Build | Farm |
| 11:40 | Build | Palisade Wall |
| 11:45 | Build | House |
| 11:49 | Build | Palisade Wall |
| 11:59 | Create | Villager (Male) |
| 12:09 | Build | Farm |
| 12:15 | Build | Farm |
| 12:19 | Create | Villager (Male) |
| 12:29 | Create | Militia |
| 12:35 | Build | Mining Camp |
| 12:44 | Build | Stable |
| 12:44 | Create | Villager (Male) |
| 13:03 | Build | Farm |
| 13:08 | Create | Villager (Male) |
| 13:18 | Build | House |
| 13:32 | Create | Villager (Male) |
| 13:58 | Create | Scout Cavalry |
| 13:59 | Create | Villager (Male) |
| 14:04 | Build | Mining Camp |
| 14:15 | Create | Scout Cavalry |
| 14:17 | Create | Villager (Male) |
| 14:22 | Build | Blacksmith |
| 14:44 | Build | Farm |
| 14:45 | Create | Villager (Male) |
| 15:02 | Create | Scout Cavalry |
| 15:06 | Build | Farm |
| 15:09 | Research | Forging |
| 15:10 | Create | Villager (Male) |
| 15:28 | Create | Villager (Male) |
| 16:10 | Create | Villager (Male) |
| 16:24 | Create | Scout Cavalry |
| 16:31 | Create | Villager (Male) |
| 16:38 | Build | Lumber Camp |
| 16:52 | Build | Farm |
| 16:59 | Build | Farm |
| 16:59 | Build | Farm |
| 16:59 | Build | Farm |
| 17:07 | Research | Castle Age |
| 17:45 | Create | Scout Cavalry |
| 17:56 | Build | Mining Camp |
| 17:58 | Research | Gold Mining |
| 18:10 | Research | Bloodlines |
| 18:34 | Research | Stone Mining |
| 18:42 | Build | House |
| 18:44 | Build | House |
| 18:46 | Build | Palisade Wall |
| 19:16 | Create | Villager (Male) |
| 19:47 | Age | Castle Age |
| 19:50 | Create | Knight |
| 19:58 | Build | Town Center |
| 20:01 | Research | Bow Saw |
| 20:06 | Create | Villager (Male) |
| 20:20 | Create | Knight |
| 20:34 | Create | Villager (Male) |
Build order — blytz
First 150 of 208 actions detected
| 0:00 | Create | Villager (Male) |
| 0:00 | Create | Villager (Male) |
| 0:01 | Build | House |
| 0:02 | Build | House |
| 0:12 | Create | Villager (Male) |
| 0:19 | Create | Villager (Male) |
| 0:59 | Create | Villager (Male) |
| 0:59 | Create | Villager (Male) |
| 1:29 | Build | Barracks |
| 1:31 | Create | Villager (Male) |
| 1:52 | Create | Villager (Male) |
| 2:29 | Create | Unit 2550 |
| 2:54 | Create | Villager (Male) |
| 3:05 | Create | Villager (Male) |
| 3:13 | Build | House |
| 3:34 | Create | Unit 2550 |
| 3:47 | Create | Villager (Male) |
| 3:47 | Create | Villager (Male) |
| 3:59 | Create | Villager (Male) |
| 4:10 | Create | Villager (Male) |
| 4:46 | Create | Villager (Male) |
| 4:55 | Build | House |
| 5:16 | Create | Villager (Male) |
| 5:51 | Create | Villager (Male) |
| 5:56 | Create | Villager (Male) |
| 6:05 | Create | Villager (Male) |
| 6:11 | Create | Villager (Male) |
| 6:19 | Create | Villager (Male) |
| 6:22 | Create | Villager (Male) |
| 6:24 | Build | House |
| 6:26 | Create | Villager (Male) |
| 6:33 | Create | Villager (Male) |
| 6:33 | Create | Villager (Male) |
| 6:35 | Build | Settlement |
| 7:00 | Create | Villager (Male) |
| 7:15 | Build | Palisade Wall |
| 7:19 | Create | Villager (Male) |
| 7:22 | Create | Villager (Male) |
| 7:24 | Create | Villager (Male) |
| 7:33 | Create | Villager (Male) |
| 7:47 | Build | Palisade Wall |
| 7:47 | Build | Palisade Wall |
| 8:21 | Research | Feudal Age |
| 8:25 | Research | Loom |
| 8:38 | Build | Settlement |
| 8:39 | Create | Villager (Male) |
| 8:42 | Create | Villager (Male) |
| 8:46 | Research | Feudal Age |
| 8:46 | Research | Feudal Age |
| 8:51 | Create | Villager (Male) |
| 9:07 | Build | Farm |
| 9:08 | Build | Farm |
| 9:09 | Create | Villager (Male) |
| 9:15 | Build | Palisade Wall |
| 9:19 | Build | Palisade Wall |
| 9:36 | Build | Settlement |
| 9:37 | Create | Villager (Male) |
| 9:37 | Create | Villager (Male) |
| 9:39 | Build | Palisade Wall |
| 9:40 | Build | Palisade Wall |
| 9:41 | Build | Palisade Wall |
| 9:47 | Create | Unit 2550 |
| 9:48 | Create | Villager (Male) |
| 9:57 | Build | Palisade Wall |
| 9:59 | Build | Palisade Wall |
| 10:03 | Build | Farm |
| 10:04 | Create | Villager (Male) |
| 10:10 | Create | Villager (Male) |
| 10:19 | Build | Farm |
| 10:33 | Create | Unit 2550 |
| 10:35 | Create | Villager (Male) |
| 10:49 | Build | Palisade Wall |
| 11:00 | Age | Feudal Age |
| 11:03 | Create | Villager (Male) |
| 11:12 | Build | Palisade Wall |
| 11:14 | Build | Palisade Wall |
| 11:21 | Build | House |
| 11:22 | Create | Villager (Male) |
| 11:23 | Build | Palisade Wall |
| 11:30 | Build | Farm |
| 11:30 | Create | Villager (Male) |
| 11:30 | Create | Villager (Male) |
| 11:35 | Build | Palisade Wall |
| 11:38 | Build | House |
| 12:00 | Build | Farm |
| 12:00 | Create | Villager (Male) |
| 12:02 | Build | House |
| 12:02 | Create | Villager (Male) |
| 12:04 | Create | Villager (Male) |
| 12:07 | Create | Unit 2550 |
| 12:09 | Create | Villager (Male) |
| 12:17 | Create | Villager (Male) |
| 12:18 | Create | Villager (Male) |
| 12:22 | Research | Double-Bit Axe |
| 12:26 | Create | Villager (Male) |
| 12:30 | Build | House |
| 12:35 | Create | Villager (Male) |
| 12:35 | Create | Villager (Male) |
| 12:39 | Create | Villager (Male) |
| 12:39 | Create | Villager (Male) |
| 12:49 | Create | Unit 2550 |
| 12:52 | Build | Farm |
| 12:54 | Create | Villager (Male) |
| 12:59 | Create | Villager (Male) |
| 13:28 | Create | Villager (Male) |
| 13:46 | Build | Archery Range |
| 13:48 | Create | Villager (Male) |
| 13:48 | Create | Villager (Male) |
| 13:54 | Create | Unit 2550 |
| 14:00 | Build | Farm |
| 14:10 | Create | Villager (Male) |
| 14:10 | Create | Villager (Male) |
| 14:28 | Build | Palisade Wall |
| 14:36 | Create | Unit 2550 |
| 14:38 | Research | Tech 1402 |
| 14:38 | Research | Tech 1402 |
| 14:39 | Create | Villager (Male) |
| 14:40 | Create | Archer |
| 14:42 | Create | Villager (Male) |
| 14:47 | Create | Archer |
| 15:02 | Create | Unit 2550 |
| 15:04 | Build | Farm |
| 15:04 | Build | Farm |
| 15:05 | Create | Villager (Male) |
| 15:05 | Create | Villager (Male) |
| 15:11 | Create | Archer |
| 15:12 | Create | Villager (Male) |
| 15:12 | Create | Villager (Male) |
| 15:16 | Build | Palisade Wall |
| 15:18 | Build | Palisade Wall |
| 15:20 | Build | Palisade Wall |
| 15:21 | Build | Palisade Wall |
| 15:26 | Create | Archer |
| 15:28 | Create | Archer |
| 15:29 | Create | Villager (Male) |
| 15:29 | Create | Villager (Male) |
| 15:30 | Create | Archer |
| 15:51 | Create | Archer |
| 15:54 | Build | Farm |
| 15:55 | Build | Farm |
| 16:00 | Build | Palisade Wall |
| 16:09 | Create | Villager (Male) |
| 16:16 | Create | Villager (Male) |
| 16:16 | Create | Villager (Male) |
| 16:20 | Create | Archer |
| 16:20 | Create | Archer |
| 16:40 | Create | Unit 2550 |
| 16:41 | Create | Villager (Male) |
| 16:42 | Create | Villager (Male) |
| 16:44 | Build | House |
Match timeline
| 1:29 | blytz · first_building Barracks |
| 6:52 | boanaan · first_building Barracks |
| 7:15 | blytz · wall_segment Palisade Wall x4 |
| 7:47 | blytz · wall_segment Palisade Wall x1 |
| 7:47 | blytz · wall_segment Palisade Wall x1 |
| 8:51 | boanaan · age_up feudal |
| 9:15 | blytz · wall_segment Palisade Wall x1 |
| 9:19 | blytz · wall_segment Palisade Wall x5 |
| 9:38 | boanaan · wall_segment Palisade Wall x1 |
| 9:38 | boanaan · wall_segment Palisade Wall x1 |
| 9:39 | blytz · wall_segment Palisade Wall x1 |
| 9:40 | blytz · wall_segment Palisade Wall x1 |
| 9:41 | blytz · wall_segment Palisade Wall x1 |
| 9:57 | blytz · wall_segment Palisade Wall x1 |
| 9:59 | blytz · wall_segment Palisade Wall x1 |
| 10:28 | boanaan · wall_segment Palisade Wall x1 |
| 10:32 | boanaan · wall_segment Palisade Wall x1 |
| 10:35 | boanaan · wall_segment Palisade Wall x4 |
| 10:49 | blytz · wall_segment Palisade Wall x1 |
| 11:00 | blytz · age_up feudal |
| 11:12 | blytz · wall_segment Palisade Wall x1 |
| 11:14 | blytz · wall_segment Palisade Wall x1 |
| 11:23 | blytz · wall_segment Palisade Wall x2 |
| 11:35 | blytz · wall_segment Palisade Wall x1 |
| 11:40 | boanaan · wall_segment Palisade Wall x1 |
| 11:49 | boanaan · wall_segment Palisade Wall x1 |
| 12:44 | boanaan · first_building Stable |
| 13:46 | blytz · first_building Archery Range |
| 14:28 | blytz · wall_segment Palisade Wall x3 |
| 15:16 | blytz · wall_segment Palisade Wall x1 |
| 15:18 | blytz · wall_segment Palisade Wall x1 |
| 15:20 | blytz · wall_segment Palisade Wall x1 |
| 15:21 | blytz · wall_segment Palisade Wall x1 |
| 16:00 | blytz · wall_segment Palisade Wall x1 |
| 16:46 | blytz · wall_segment Palisade Wall x7 |
| 18:46 | boanaan · wall_segment Palisade Wall x12 |
| 19:38 | blytz · wall_segment Palisade Wall x1 |
| 19:47 | boanaan · age_up castle |
| 19:55 | blytz · wall_segment Palisade Wall x5 |
| 20:51 | blytz · wall_segment Palisade Wall x4 |
| 21:03 | blytz · resign |
[ AI ANALYSIS · 1 CREDIT ]
What really happened in this match?
Wolo.gg analyzes every decision: build order, eco, micro, common mistakes by bracket. Personalized analysis on WhatsApp or Discord in 30 seconds.
Civ guide
Spanish
Perfil
boanaan